 Dungeon Crawl Stone Soup version 0.30-a0-860-g512cf1e979 (webtiles) character file.

Game seed: 587853601316459393

123 cforsyth the Magician (level 4, 0/24 HPs)
             Began as a Deep Elf Earth Elementalist on Mar 7, 2023.
             Slain by Terence
             ... wielding a +1 mace of holy wrath
              (7 damage)
             ... on level 3 of the Dungeon.
             The game lasted 00:02:00 (1961 turns).

cforsyth the Magician (Deep Elf Earth Elementalist) Turns: 1961, Time: 00:02:01

Health: 0/24       AC:  2    Str:  5    XL:     4   Next: 79%
Magic:  9/13       EV: 12    Int: 22    God:
Gold:   94         SH:  0    Dex: 15    Spells: 12/13 levels left

rFire   . . .      SeeInvis .    (no weapon)
rCold   . . .      Faith    .    (no shield)
rNeg    . . .      Spirit   .    a - +0 robe
rPois   .          Reflect  .    (no helmet)
rElec   .          Rampage  .    (no cloak)
rCorr   +                        (no gloves)
Will    .....                    (no boots)
Stlth   ++                       (no amulet)
HPRegen 0.24/turn                d - ring of resist corrosion
MPRegen 0.13/turn                (no ring)

@: flying
A: no striking features
a: no special abilities


You were on level 3 of the Dungeon.
You visited 1 branch of the dungeon, and saw 3 of its levels.

You collected 94 gold pieces.

Inventory:

Armour
 a - a +0 robe (worn)
Jewellery
 d - a ring of resist corrosion (left hand)
 f - a ring of positive energy
Wands
 k - a wand of flame (27)
Scrolls
 g - 2 scrolls of identify {unknown}
 i - a scroll of magic mapping {unknown}
 j - 2 scrolls of teleportation {unknown}
 m - a scroll of fear {unknown}
 n - a scroll of summoning {unknown}
 o - a scroll of noise {unknown}
 p - 2 scrolls of torment {unknown}
 q - a scroll of vulnerability {unknown}
Potions
 b - a potion of magic
 c - a potion of attraction {unknown}
 e - a potion of brilliance {unknown}
 h - a potion of heal wounds {unknown}
 l - a potion of flight


   Skills:
 - Level 2.4 Dodging
 - Level 2.4 Stealth
 + Level 5.2 Spellcasting
 - Level 1.1 Transmutations
 + Level 4.9 Earth Magic


You had 12 spell levels left.
You knew the following spells:

 Your Spells              Type           Power      Damage    Failure   Level
a - Sandblast             Erth           54%        2d13      1%          1

Your spell library contained the following spells:

 Spells                   Type           Power      Damage    Failure   Level
 Passwall                 Tmut/Erth      15%        N/A       4%          2
 Stone Arrow              Conj/Erth      32%        3d9       11%         3
 Petrify                  Tmut/Erth      19%        N/A       28%         4


Dungeon Overview and Level Annotations

Branches:
Dungeon (3/15)

Altars:
Sif Muna

Shops:
D:1 !

Annotations:
D:3 Terence


Message History

You kill the rat!
You can't see any susceptible monsters within range! (Use Z to cast anyway.)
Found a shimmering blue altar of Sif Muna.
You see here a rat corpse.
Terence the Incautious comes into view.
He is wielding a +1 mace of holy wrath.
Terence is nearby!
Terence is nearby!
You can't see any susceptible monsters within range! (Use Z to cast anyway.)
You can't see any susceptible monsters within range! (Use Z to cast anyway.) Terence shouts!
A bat comes into view.
The blast of sand hits the bat!
You kill the bat!
The blast of sand hits Terence!
Terence is heavily wounded.
Terence misses you.
The blast of sand misses Terence.
Terence hits you with a +1 mace of holy wrath!
Unknown command.
The blast of sand hits Terence but does no damage.
Terence is heavily wounded.
Terence hits you with a +1 mace of holy wrath!
* * * LOW HITPOINT WARNING * * *
Terence closely misses you.
You are too injured to fight recklessly!
Unknown command.
Casting: Sandblast (safe; 1% risk of failure)
Confirm with . or Enter, or press ? or * to list all spells.
Aiming: Sandblast (safe; 1% risk of failure)
Press: ? - help, Shift-Dir - straight line, f/p - Terence
Aim: Terence, wielding a +1 mace of holy wrath and wearing a +0 scale mail (heavily wounded, 85% to hit)
The blast of sand hits Terence.
Terence is heavily wounded.
Terence drinks a potion.
Terence is healed!
Unknown command.
It was a potion of flight.
You feel very buoyant.
You fly up into the air.
Terence hits you with a +1 mace of holy wrath!
You die...

###..#.......#....
#....#.......#.#.
###..##.....## #
#..####.####.#
#............#
#.........#.
#..####†#.# #..#
#.# # #..# #@#
##.# #@# #.# #.#
#. #.# ... #.# #.#
#.#


You could see Terence.

Vanquished Creatures
  4 gnolls (D:2)
  An adder zombie (D:2)
  2 dart slugs
  9 orcs (D:3)
  A bat skeleton (D:2)
  6 endoplasms
  4 giant cockroaches
  5 goblins
  4 hobgoblins
  5 jackals (D:1)
  4 ball pythons
  7 bats
  2 frilled lizards
  3 kobolds
  A quokka skeleton (D:2)
  5 rats
63 creatures vanquished.

Vanquished Creatures (others)
  A withered plant (D:2)
1 creature vanquished.

Grand Total: 64 creatures vanquished

Notes
Turn   | Place    | Note
-------+----------+-------------------------------------------
     0 | D:1      | cforsyth the Deep Elf Earth Elementalist began the quest
                  | for the Orb.
     0 | D:1      | Reached XP level 1. HP: 10/10 MP: 6/6
   127 | D:1      | Reached XP level 2. HP: 13/15 MP: 1/8
   262 | D:1      | Found Rumeh's Distillery.
   422 | D:1      | Reached skill level 4 in Spellcasting
   448 | D:1      | Reached XP level 3. HP: 19/19 MP: 6/10
  1229 | D:2      | Reached XP level 4. HP: 21/24 MP: 6/12
  1332 | D:2      | Reached skill level 5 in Spellcasting
  1934 | D:3      | Found a shimmering blue altar of Sif Muna.
  1952 | D:3      | Noticed Terence
  1961 | D:3      | Slain by Terence

Illustrated notes

Levels and vault maps discovered:
D:1:      nicolae_arrival_memento_mori, layout_rooms, serial_shops,
          nicolae_shop_advertising_works [nicolae_subvault_shop_adworks]
D:2:      layout_basic, serial_undead, serial_undead_f, serial_undead_a,
          serial_undead_b, serial_undead_c
D:3:      layout_basic, old_standard_altar, serial_bayou_lagoon_a, uniq_terence

Skill      XL: |  1  2  3  4 |
---------------+-------------+-----
Spellcasting   | 4 5 |  5.2
Earth Magic    | 4 |  4.9
Dodging        | |  2.4
Stealth        | |  2.4
Transmutations | |  1.1

Action                     |  1- 3 |  4- 6 || total
---------------------------+-------+-------++-------
  Melee: Unarmed           |     1 |       ||     1
   Cast: Sandblast         |    55 |    39 ||    94
    Use: Potion            |       |     1 ||     1
 Armour: Robe              |     7 |       ||     7
  Dodge: Dodged            |    19 |    12 ||    31

Table legend: (Time is in decaauts)
 A = Elapsed time spent in this place.
 B = Non-inter-level travel time spent in this place.
 C = Inter-level travel time spent in this place.
 D = Time resting spent in this place.
 E = Time spent auto-exploring this place.
 F = Levels seen in this place.
 G = Mean time per level.
                   A        B        C        D        E       F      G
               +--------+--------+--------+--------+--------+-----+--------+
         Total |   2007 |   1951 |     56 |      0 |   1678 |   3 |  669.0 |
       Dungeon |   2007 |   1951 |     56 |      0 |   1678 |   3 |  669.0 |
               +--------+--------+--------+--------+--------+-----+--------+

Top non-repeatable levels by time:
     D:2: 857 daAuts
     D:1: 780 daAuts
     D:3: 369 daAuts
